 Dungeon Sprint DCSS version 0.17-a0-2122-g03d97ec (webtiles) character file.

284 Kidiri the Covert (level 6, -1/28 HPs)
             Began as a Spriggan Enchanter on Oct 21, 2015.
             Was an Initiate of Dithmenos.
             Slain by a spatial vortex (28 damage)
             ... in the Dungeon (Sprint III: "The Ten Rune Challenge").
             The game lasted 00:03:01 (810 turns).

Kidiri the Covert (Spriggan Enchanter)               Turns: 810, Time: 00:03:02

Health: -1/28      AC:  6    Str:  4    XL:     6   Next: 7%
Magic:  2/16       EV: 24    Int: 17    God:    Dithmenos [......]
Gold:   45         SH:  0    Dex: 18    Spells: 5 memorised, 6 levels left

rFire  . . .     SeeInvis +     a - +1 dagger
rCold  . . .     Clarity  .     b - +1 robe
rNeg   . . .     SustAt   .     (shield restricted)
rPois  .         Gourm    .     (helmet restricted)
rElec  .         Spirit   .     m - +2 cloak {+Inv}
rCorr  .         Warding  .     (gloves unavailable)
rMut   .         NoTele   +     (boots unavailable)
MR     +....                    (no amulet)
Stlth  +++++.....               (no ring)
                                (no ring)

@: very quick, somewhat resistant to hostile enchantments, quite stealthy
A: unfitting armour, see invisible, herbivore 3, speed 3, slow metabolism 2
a: Renounce Religion, Evoke Invisibility


You were in the Dungeon.
You worshipped Dithmenos.
Dithmenos was noncommittal.
You were not hungry.

You visited 1 branch You collected 45 gold pieces.

Inventory:

Hand Weapons
 a - a +1 dagger (weapon)
Armour
 b - a +1 robe (worn)
 m - a +2 cloak of invisibility (worn)
Wands
 k - a wand of teleportation (4)
Scrolls
 j - a scroll of blinking
 q - 4 scrolls of remove curse
 t - a scroll of immolation {unknown}
 u - a scroll of recharging {unknown}
Potions
 e - 2 potions of curing
 f - a potion of heal wounds
 g - a potion of haste
 h - 2 potions of magic
 r - a potion of brilliance
 s - 3 potions of flight
Books
 c - a book of Maledictions

   Spells                             Type                      Level
   a - Corona                         Hexes                        1
   b - Ensorcelled Hibernation        Hexes/Ice                    2
   c - Confuse                        Hexes                        3
   d - Tukima's Dance                 Hexes                        3
   e - Dazzling Spray                 Conjuration/Hexes            3
Comestibles
 d - 2 bread rations
 v - 2 royal jellies


   Skills:
 * Level 5.5 Short Blades
 + Level 2.3 Armour
 * Level 8.1 Dodging
 * Level 9.4 Stealth
 * Level 6.9 Spellcasting
 + Level 1.6 Conjurations
 + Level 5.5 Hexes
 + Level 2.2 Ice Magic
 + Level 0.0 Invocations
 + Level 3.3 Evocations


You had 6 spell levels left.
You knew the following spells:

 Your Spells              Type           Power        Failure   Level  Hunger
a - Corona                Hex            ###....      1%          1    None
b - Ensorcelled Hibernat  Hex/Ice        ###...       3%          2    None
c - Confuse               Hex            ###.....     4%          3    ##.....
d - Tukima's Dance        Hex            ###.....     4%          3    ##.....
e - Dazzling Spray        Conj/Hex       ###.....     10%         3    ##.....


Dungeon Overview and Level Annotations

Branches:
Dungeon (1/1)

Altars:
Dithmenos
Gozag
Makhleb
Nemelex Xobeh
Qazlal
Ru
Xom
Jiyva
Lugonu


Innate Abilities, Weirdness & Mutations

You are tiny and cannot use many weapons and most armour.
You have supernaturally acute eyesight.
You are a herbivore.
You cover ground extremely quickly.
You need consume almost no food.


Message History

Press: ? - help, Shift-Dir - straight line, f/p - spatial vortex
Aim: a spatial vortex (heavily damaged)
The spray of energy hits the spatial vortex.
The spatial vortex is almost destroyed.
There is a viscous altar of Jiyva here.
There is a shadowy altar of Dithmenos here.
You hit the spatial vortex.
The spatial vortex is almost destroyed.
You hit the spatial vortex.
The spatial vortex is almost destroyed.
You hit the spatial vortex.
The spatial vortex is almost destroyed.
There is a viscous altar of Jiyva here.
You hit the spatial vortex.
The spatial vortex is almost destroyed.
You hit the spatial vortex but do no damage.
The spatial vortex is almost destroyed.
The spatial vortex hits you!!
Ouch! That really hurt!
You die...

.%..♣♣ ♣♣.# .....♣
♣..#
...≈♣♣♣♣♣.###+#+###+##
..≈≈.♣..♣.#..........#
.≈≈≈≈.♣♣♣.'.⌠........#
.≈≈≈≈≈≈♣♣.#...######'#
≈≈≈≈≈≈....#.⌠.#__#...#
≈≈≈≈≈.....#...#v_#...#
≈≈≈.......#+###_@#...#
..........# #__#...+
..........# #_.'...#
▓▓▓▓▓▓▓▓▓▓▓ ▓▓▓▓▓▓▓▓


You could see a spatial vortex.

Vanquished Creatures
  A shadow (D)
  A water elemental (D)
  Crazy Yiuf (D)
  A jelly (D)
  A human (D)
  An ooze (D)
  3 rats (D)
9 creatures vanquished.

Vanquished Creatures (others)
  2 draconian scorchers (D)
  A yaktaur (D)
3 creatures vanquished.

Grand Total: 12 creatures vanquished

Notes
Turn   | Place    | Note
--------------------------------------------------------------
     0 | D        | Kidiri the Spriggan Enchanter began the quest for the Orb.
     0 | D        | Reached XP level 1. HP: 9/9 MP: 5/5
   110 | D        | Reached skill level 5 in Stealth
   169 | D        | Killed a white draconian scorcher
   186 | D        | Killed a white draconian scorcher
   211 | D        | Reached skill level 1 in Armour
   211 | D        | Reached skill level 6 in Stealth
   211 | D        | Reached XP level 2. HP: 5/13 MP: 4/8
   357 | D        | Killed a yaktaur
   397 | D        | Learned a level 2 spell: Ensorcelled Hibernation
   399 | D        | Noticed Crazy Yiuf
   406 | D        | Killed Crazy Yiuf
   406 | D        | Reached skill level 5 in Dodging
   406 | D        | Reached XP level 3. HP: 16/16 MP: 10/10
   517 | D        | Gained mutation: You are clumsy. (Dex -2) [potion of mutation]
   517 | D        | Gained mutation: You have sharp toenails. [potion of mutation]
   517 | D        | Lost mutation: You are clumsy. (Dex -2) [potion of mutation]
   518 | D        | Gained mutation: You can translocate small distances at will. [potion of mutation]
   518 | D        | Gained mutation: You are dopey. (Int -2) [potion of mutation]
   519 | D        | Lost mutation: You are dopey. (Int -2) [potion of cure mutation]
   519 | D        | Lost mutation: You have sharp toenails. [potion of cure mutation]
   519 | D        | Lost mutation: You can translocate small distances at will. [potion of cure mutation]
   524 | D        | Learned a level 3 spell: Confuse
   528 | D        | Learned a level 3 spell: Dazzling Spray
   566 | D        | Noticed a water elemental
   568 | D        | Killed a water elemental
   568 | D        | Reached skill level 7 in Stealth
   568 | D        | Reached skill level 5 in Spellcasting
   568 | D        | Reached skill level 1 in Ice Magic
   568 | D        | Reached skill level 1 in Evocations
   568 | D        | Reached XP level 4. HP: 21/21 MP: 12/12
   573 | D        | Learned a level 3 spell: Tukima's Dance
   582 | D        | Noticed a jelly
   583 | D        | Noticed a shadow
   613 | D        | Killed a shadow
   613 | D        | Reached skill level 5 in Short Blades
   613 | D        | Reached skill level 9 in Stealth
   613 | D        | Reached skill level 1 in Conjurations
   613 | D        | Reached skill level 5 in Hexes
   613 | D        | Reached XP level 5. HP: 19/24 MP: 2/15
   752 | D        | Killed a jelly
   752 | D        | Reached XP level 6. HP: 28/28 MP: 16/16
   790 | D        | Found a stormy altar of Qazlal.
   791 | D        | Found a sacrificial altar of Ru.
   791 | D        | Found a burning altar of Makhleb.
   791 | D        | Found a viscous altar of Jiyva.
   791 | D        | Found a shimmering altar of Xom.
   791 | D        | Found a shadowy altar of Dithmenos.
   791 | D        | Found a sparkling altar of Nemelex Xobeh.
   791 | D        | Found a corrupted altar of Lugonu.
   791 | D        | Found an opulent altar of Gozag.
   791 | D        | Noticed a spatial vortex
   795 | D        | Became a worshipper of Dithmenos the Shadowed
   810 | D        | Slain by a spatial vortex

Vault maps used:
D:        dungeon_sprint_mu

Action                   |  1- 3 |  4- 6 || total
-------------------------+-------+-------++-------
Melee: Dagger            |    26 |    14 ||    40
 Cast: Corona            |     3 |       ||     3
       Dazzling Spray    |       |     9 ||     9
  Use: Potion            |     3 |     1 ||     4
       Scroll            |     2 |       ||     2
 Stab: Sleeping          |     6 |     1 ||     7
